 Dungeon Crawl Stone Soup version 0.29.1-15-g9cfb28693d (webtiles) character file.

Game seed: 1219456653531781763

54 javelincjr the Trooper (level 3, -1/29 HPs)
             Began as a Demonspawn Abyssal Knight on Mar 24, 2023.
             Was a Believer of Lugonu.
             Slain by a gnoll
             ... wielding a +0 flail
              (3 damage)
             ... on level 2 of the Dungeon.
             The game lasted 00:04:31 (2096 turns).

javelincjr the Trooper (Demonspawn Abyssal Knight)  Turns: 2096, Time: 00:04:31

Health: -1/29      AC:  3    Str: 13    XL:     3   Next: 66%
Magic:  4/5        EV: 11    Int: 13    God:    Lugonu [**....]
Gold:   200        SH:  0    Dex: 13    Spells: 1/2 levels left

rFire   . . .      SeeInvis .   a - +1 hand axe
rCold   . . .      Faith    .   (no shield)
rNeg    . . .      Spirit   .   b - +0 leather armour
rPois   .          Reflect  .   (helmet restricted)
rElec   .          Harm     .   (no cloak)
rCorr   .          Rampage  .   (no gloves)
Will    .....                   (no boots)
Stlth   +.........              (no amulet)
HPRegen 0.09/turn               (no ring)
MPRegen 0.09/turn               (no ring)

@: no status effects
A: antennae 1
a: Renounce Religion, Depart the Abyss, Bend Space


You were on level 2 of the Dungeon.
You worshipped Lugonu.
Lugonu was pleased with you.
You visited 1 branch of the dungeon, and saw 2 of its levels.
You visited the Abyss 1 time.

You collected 200 gold pieces.

Inventory:

Hand Weapons
 a - a +1 hand axe (weapon)
Missiles
 k - 5 atropa-tipped darts
Armour
 b - a +0 leather armour (worn)
 g - a +2 tower shield
Scrolls
 d - 3 scrolls of identify {unknown}
 e - 2 scrolls of immolation {unknown}
 f - a scroll of magic mapping {unknown}
Potions
 c - a potion of brilliance {unknown}
 h - a potion of flight {unknown}
 i - 2 potions of degeneration {unknown}
 j - a potion of cancellation {unknown}


   Skills:
 + Level 3.2 Fighting
 + Level 2.1 Axes
 + Level 2.1 Armour
 + Level 1.3 Dodging
 + Level 0.9 Shields
 + Level 0.2 Spellcasting
 + Level 0.4 Conjurations
 + Level 3.1 Invocations


You had one spell level left.
You knew the following spells:

 Your Spells              Type           Power      Damage    Failure   Level
a - Foxfire               Conj/Fire      0%         2x1d4     34%         1

Your spell library contained the following spells:

 Spells                   Type           Power      Damage    Failure   Level
 Apportation              Tloc           0%         N/A       36%         1
 Necrotise                Necr           0%         1d4       36%         1
 Summon Small Mammal      Summ           0%         N/A       36%         1
 Conjure Flame            Conj/Fire      0%         6-21      71%         3
 Inner Flame              Hex/Fire       0%         N/A       75%         3
 Flame Wave               Conj/Fire      0%         2d4       98%         4


Dungeon Overview and Level Annotations

Branches:
Dungeon (2/15)

Altars:


Innate Abilities, Weirdness & Mutations

You have a pair of small antennae on your head.


Message History

You see here 5 atropa-tipped darts.
k - 5 atropa-tipped darts A gnoll comes into view.
It is wielding a +0 flail. 2 gnolls come into view.
The gnoll shouts! x2
You miscast Foxfire.
You are very lightly contaminated with residual magic.
Nothing appears to happen.
You hit the gnoll.
The gnoll is lightly wounded.
The gnoll hits you with a +0 club.
You hit the gnoll.
The gnoll is severely wounded.
The gnoll hits you with a +0 club. x2
You hit the gnoll.
The gnoll is severely wounded.
You hit the gnoll.
You kill the gnoll!
Lugonu accepts your kill.
You hit the gnoll. The gnoll barely misses you.
You barely miss the gnoll.
The gnoll is lightly wounded.
Your magical contamination has completely faded away.
You barely miss the gnoll.
The gnoll is lightly wounded.
The gnoll closely misses you.
You barely miss the gnoll.
The gnoll is lightly wounded.
You hit the gnoll but do no damage. The gnoll hits you with a +0 flail!
* * * LOW HITPOINT WARNING * * *
The gnoll hits you with a +0 flail.
* * * LOW HITPOINT WARNING * * *
The gnoll hits you but does no damage. The gnoll closely misses you.
You are too injured to fight recklessly!
You are too injured to fight recklessly!
You are too injured to fight recklessly!
Casting: Foxfire (safe; 34% risk of failure)
Confirm with . or Enter, or press ? or * to list all spells.
You conjure some foxfire!
The gnoll hits you with a +0 flail.
You die...

#...†......#
#......†...#
##.........#
#.........#
#.........#
#.........#
###.........#####
........vv.......
########@...#####
#...gg.......
#.########.## ...
... ..... ##.
+....g. #.....#
#..... #.....


You could see 2 gnolls.

Vanquished Creatures
  An adder (D:2)
  A gnoll (D:2)
  A dart slug (D:1)
  An endoplasm (D:1)
  4 giant cockroaches
  2 goblins (D:1)
  4 hobgoblins
  A quokka (D:1)
  3 ball pythons (D:1)
  7 bats
  A frilled lizard (D:2)
  4 kobolds (D:1)
  3 rats
  A spectral goblin (D:1)
  A toadstool (D:1)
35 creatures vanquished.

Vanquished Creatures (others)
  6 foxfires
  12 fungi (D:1)
  3 toadstools (D:1)
21 creatures vanquished.

Grand Total: 56 creatures vanquished

Notes
Turn   | Place    | Note
-------+----------+-------------------------------------------
     0 | Abyss:1  | javelincjr the Demonspawn Abyssal Knight began the quest
                  | for the Orb.
     0 | Abyss:1  | Reached XP level 1. HP: 18/18 MP: 2/2
    49 | Abyss:1  | Noticed a small abomination
    56 | Abyss:1  | Noticed an earth elemental
    57 | Abyss:1  | Found a corrupted altar of Lugonu.
    58 | D:1      | Escaped the Abyss
   210 | D:1      | Reached skill level 1 in Dodging
   297 | D:1      | Gained mutation: You have a pair of small antennae on your
                  | head. [demonic ancestry]
   297 | D:1      | Reached XP level 2. HP: 17/24 MP: 3/3
   534 | D:1      | Found a faded altar of an unknown god.
  1083 | D:1      | Learned a level 1 spell: Foxfire
  1503 | D:2      | Reached XP level 3. HP: 25/29 MP: 5/5
  2096 | D:2      | Slain by a gnoll

Illustrated notes

Levels and vault maps discovered:
D:1:      minmay_arrival_floating_metal, layout_rooms,
          dreamdust_ecumenical_altar_drowned_temple, nicolae_eternal_life,
          minmay_misc_feat_plants, minmay_gold_behind_fungi
D:2:      layout_basic

Skill      XL: |  1  2  3 |
---------------+----------+-----
Dodging        | 1 |  1.3
Armour         | 2 |  2.1
Axes           | 2 |  2.1
Invocations    | 3 |  3.1
Fighting       | |  3.2
Shields        | |  0.9
Spellcasting   | |  0.2
Conjurations   | |  0.4

Action                   || total
-------------------------++-------
Melee: Hand axe          ||   138
 Cast: Foxfire           ||     4
Invok: Depart the Abyss  ||     1
Armor: Leather armour    ||    37
Dodge: Dodged            ||    55
Block: Tower shield      ||    53
